General information
			
			
        
        - name: BNet
 
        - type: Ladder team game (AT/RT)
 
        - host: Battle.net
 
        - saver: timG4strok
 
        
map: BloodstoneMesa 
        - players: 6
 
        - length: 13:56
 
        - speed: Fast
 - version: 1.22 W3XP
 - replay type:  

 
» download(118 KB)
Players
        team 1 (winner) 
              
              
Rush[yyz] (
yellow | 81 APM | 1131 actions | 13:55)
              
 4 Archmage 
 2 Summon Water Elemental
 2 Brilliance Aura
 2 Blood Mage 
 1 Flame Strike
 1 Banish
 
                » actions 
                
                | Assign group hotkey | 33 |  | 
| Basic commands | 97 |  | 
| Build / train | 67 |  | 
| Enter build submenu | 19 |  | 
| Enter hero's abilities submenu | 6 |  | 
| Remove unit from queue | 1 |  | 
| Right click | 400 |  | 
| Select / deselect | 231 |  | 
| Select group hotkey | 233 |  | 
| Use ability | 44 |  | 
                1131 total
 » units 
                
                | Peasant | 19 |  | 
| Footman | 6 |  | 
| Spell Breaker | 5 |  | 
| Priest | 6 |  | 
| Sorceress | 2 |  | 
                38 total
 » upgrades
                
                | Lumber Harvesting | 1 |  | 
| Masonry | 2 |  | 
| Swords | 2 |  | 
| Plating | 1 |  | 
| Priest Training | 1 |  | 
| Sorceress Training | 1 |  | 
                8 total
 » buildings
                
                | Altar of Kings | 1 |  | 
| Barracks | 1 |  | 
| Farm | 9 |  | 
| Scout Tower | 4 |  | 
| Town Hall | 1 |  | 
| Arcane Tower | 3 |  | 
| Lumber Mill | 1 |  | 
| Arcane Vault | 1 |  | 
| Keep | 3 |  | 
| Guard Tower | 2 |  | 
| Arcane Sanctum | 2 |  | 
| Blacksmith | 1 |  | 
| Castle | 2 |  | 
                31 total
 » build order
                00:06 Altar of Kings
00:22 Barracks
00:36 Farm
00:49 Farm
01:48 Farm
02:13 Scout Tower
03:16 Farm
04:17 Town Hall
04:21 Scout Tower
04:25 Arcane Tower
04:26 Arcane Tower
04:36 Lumber Mill
04:48 Scout Tower
04:50 Arcane Tower
04:52 Scout Tower
05:01 Arcane Vault
05:12 Keep
05:12 Keep
06:49 Guard Tower
06:49 Guard Tower
07:46 Arcane Sanctum
07:47 Arcane Sanctum
08:10 Farm
08:12 Farm
09:25 Farm
10:31 Blacksmith
11:25 Castle
11:32 Farm
11:33 Farm
 
               
              
              
TALONSAREIMBA (
orange | 91 APM | 1260 actions | 13:55)
              
 4 Tauren Chieftain 
 2 Endurance Aura
 2 War Stomp
 2 Shadow Hunter 
 1 Hex
 1 Healing Wave
 
                » actions 
                
                | Assign group hotkey | 15 |  | 
| Basic commands | 90 |  | 
| Build / train | 41 |  | 
| Enter build submenu | 12 |  | 
| Enter hero's abilities submenu | 7 |  | 
| Give item / drop item | 1 |  | 
| Right click | 584 |  | 
| Select / deselect | 254 |  | 
| Select group hotkey | 171 |  | 
| Use ability | 84 |  | 
                1260 total
 » units 
                
                | Peon | 6 |  | 
| Grunt | 6 |  | 
| Troll Witch Doctor | 2 |  | 
| Tauren | 3 |  | 
                17 total
 » upgrades
                
                | Armor | 1 |  | 
| Witch Doctor Training | 2 |  | 
| Pulverize | 1 |  | 
                4 total
 » buildings
                
                | Altar of Storms | 1 |  | 
| Orc Burrow | 5 |  | 
| Barracks | 1 |  | 
| Voodoo Lounge | 1 |  | 
| Stronghold | 1 |  | 
| War Mill | 1 |  | 
| Spirit Lodge | 1 |  | 
| Fortress | 1 |  | 
| Tauren Totem | 2 |  | 
                14 total
 » build order
                00:04 Altar of Storms
00:06 Orc Burrow
00:24 Barracks
01:33 Orc Burrow
02:04 Voodoo Lounge
04:15 Stronghold
04:25 Orc Burrow
04:58 War Mill
06:39 Spirit Lodge
07:17 Fortress
08:07 Orc Burrow
09:56 Tauren Totem
09:59 Tauren Totem
11:14 Orc Burrow
» items
                
                | Healing Salve | 3 |  | 
| Scroll of Speed | 1 |  | 
| Lesser Clarity Potion | 3 |  | 
| Potion of Healing | 1 |  | 
| Potion of Mana | 1 |  | 
| Orb of Lightning | 1 |  | 
                10 total
  
               
              
              
timG4strok (
teal | 153 APM | 2132 actions | 13:56)
              
 5 Mountain King 
 3 Storm Bolt
 2 Bash
 
                » actions 
                
                | Assign group hotkey | 16 |  | 
| Basic commands | 105 |  | 
| Build / train | 56 |  | 
| ESC pressed | 2 |  | 
| Enter build submenu | 27 |  | 
| Enter hero's abilities submenu | 5 |  | 
| Right click | 1032 |  | 
| Select / deselect | 215 |  | 
| Select group hotkey | 617 |  | 
| Use ability | 57 |  | 
                2132 total
 » units 
                
                | Peasant | 17 |  | 
| Footman | 8 |  | 
| Knight | 2 |  | 
| Gryphon Rider | 5 |  | 
                32 total
 » upgrades
                
                | Defend | 1 |  | 
| Lumber Harvesting | 1 |  | 
| Animal War Training | 1 |  | 
                3 total
 » buildings
                
                | Altar of Kings | 1 |  | 
| Barracks | 1 |  | 
| Farm | 9 |  | 
| Scout Tower | 6 |  | 
| Arcane Tower | 2 |  | 
| Keep | 1 |  | 
| Arcane Vault | 1 |  | 
| Castle | 1 |  | 
| Lumber Mill | 1 |  | 
| Blacksmith | 2 |  | 
| Town Hall | 1 |  | 
| Gryphon Aviary | 2 |  | 
| Guard Tower | 2 |  | 
                30 total
 » build order
                00:05 Altar of Kings
00:08 Barracks
00:13 Farm
00:50 Farm
01:29 Farm
01:46 Scout Tower
02:16 Arcane Tower
03:49 Farm
04:38 Keep
05:32 Arcane Vault
07:01 Castle
07:02 Lumber Mill
07:47 Blacksmith
07:49 Blacksmith
07:53 Farm
07:55 Farm
07:57 Farm
09:06 Town Hall
09:11 Scout Tower
09:11 Scout Tower
09:12 Scout Tower
09:13 Scout Tower
09:18 Scout Tower
09:28 Gryphon Aviary
09:29 Gryphon Aviary
09:51 Arcane Tower
09:52 Guard Tower
11:55 Guard Tower
12:39 Farm
12:41 Farm
» items
                
                | Scroll of Regeneration | 4 |  | 
| Lesser Clarity Potion | 1 |  | 
| Mechanical Critter | 1 |  | 
| Scroll of Town Portal | 1 |  | 
                7 total
  
               team 2 (loser) 
              
              
bigONE (
purple | 62 APM | 862 actions | 13:51)
              
 4 Goblin Alchemist 
 2 Acid Bomb
 2 Chemical Rage
 
                » actions 
                
                | Assign group hotkey | 2 |  | 
| Basic commands | 113 |  | 
| Build / train | 36 |  | 
| Enter build submenu | 14 |  | 
| Enter hero's abilities submenu | 4 |  | 
| Right click | 455 |  | 
| Select / deselect | 162 |  | 
| Select group hotkey | 40 |  | 
| Use ability | 36 |  | 
                862 total
 » units 
                » upgrades
                
                | Lumber Harvesting | 1 |  | 
| Masonry | 1 |  | 
| Storm Hammers | 1 |  | 
| Swords | 1 |  | 
                4 total
 » buildings
                
                | Altar of Kings | 1 |  | 
| Farm | 9 |  | 
| Barracks | 1 |  | 
| Scout Tower | 1 |  | 
| Arcane Tower | 1 |  | 
| Keep | 2 |  | 
| Lumber Mill | 1 |  | 
| Arcane Vault | 1 |  | 
| Blacksmith | 1 |  | 
| Castle | 3 |  | 
| Gryphon Aviary | 2 |  | 
                23 total
 » build order
                00:06 Altar of Kings
00:08 Farm
00:21 Barracks
01:15 Scout Tower
01:28 Farm
01:55 Arcane Tower
03:17 Keep
03:17 Keep
03:42 Lumber Mill
04:07 Arcane Vault
05:36 Blacksmith
05:46 Farm
05:47 Farm
05:48 Farm
05:51 Farm
06:36 Castle
06:37 Castle
07:32 Gryphon Aviary
07:34 Gryphon Aviary
08:27 Farm
08:28 Farm
08:29 Farm
» items
                
                | Lesser Clarity Potion | 2 |  | 
| Scroll of Regeneration | 2 |  | 
| Scroll of Speed | 1 |  | 
                5 total
  
               
              
              
D0s (
red | 92 APM | 1285 actions | 13:54)
              
 3 Keeper of the Grove 
 2 Entangling Roots
 1 Thorns Aura
 
                » actions 
                
                | Assign group hotkey | 139 |  | 
| Basic commands | 27 |  | 
| Build / train | 34 |  | 
| Enter build submenu | 15 |  | 
| Enter hero's abilities submenu | 3 |  | 
| Right click | 700 |  | 
| Select / deselect | 297 |  | 
| Select group hotkey | 44 |  | 
| Use ability | 26 |  | 
                1285 total
 » units 
                » upgrades
                
                | Moon Armor | 1 |  | 
| Reinforced Hides | 2 |  | 
| Abolish Magic | 1 |  | 
| Strength of the Wild | 1 |  | 
                5 total
 » buildings
                
                | Altar of Elders | 1 |  | 
| Moon Well | 5 |  | 
| Hunter's Hall | 1 |  | 
| Ancient of War | 2 |  | 
| Tree of Ages | 1 |  | 
| Ancient of Lore | 2 |  | 
| Ancient of Wonders | 1 |  | 
                13 total
 » build order
                00:04 Altar of Elders
00:22 Moon Well
01:23 Hunter's Hall
01:46 Ancient of War
02:04 Ancient of War
02:17 Moon Well
03:10 Moon Well
04:09 Moon Well
05:44 Moon Well
06:31 Tree of Ages
09:42 Ancient of Lore
09:49 Ancient of Lore
10:52 Ancient of Wonders
» items
                
                | Scroll of Town Portal | 1 |  | 
| Potion of Healing | 1 |  | 
                2 total
  
               
              
              
Holler (
blue | 120 APM | 1645 actions | 13:44)
              
 3 Blademaster 
 1 Wind Walk
 1 Critical Strike
 1 Mirror Image
 2 Tauren Chieftain 
 1 Endurance Aura
 1 Shockwave
 
                » actions 
                
                | Assign group hotkey | 19 |  | 
| Basic commands | 169 |  | 
| Build / train | 43 |  | 
| Enter build submenu | 13 |  | 
| Enter hero's abilities submenu | 5 |  | 
| Give item / drop item | 1 |  | 
| Right click | 508 |  | 
| Select / deselect | 173 |  | 
| Select group hotkey | 619 |  | 
| Use ability | 95 |  | 
                1645 total
 » units 
                
                | Peon | 7 |  | 
| Grunt | 7 |  | 
| Troll Witch Doctor | 5 |  | 
                19 total
 » upgrades
                
                | Berserker Strength | 1 |  | 
| Witch Doctor Training | 2 |  | 
| Shaman Training | 1 |  | 
                4 total
 » buildings
                
                | Altar of Storms | 1 |  | 
| Orc Burrow | 5 |  | 
| Barracks | 1 |  | 
| Voodoo Lounge | 2 |  | 
| Stronghold | 1 |  | 
| Spirit Lodge | 2 |  | 
| Fortress | 1 |  | 
| War Mill | 1 |  | 
                14 total
 » build order
                00:05 Altar of Storms
00:09 Orc Burrow
00:58 Barracks
01:36 Orc Burrow
02:09 Voodoo Lounge
03:20 Stronghold
03:57 Orc Burrow
06:30 Spirit Lodge
07:52 Orc Burrow
08:29 Fortress
08:59 Voodoo Lounge
09:40 Spirit Lodge
10:42 War Mill
12:11 Orc Burrow
» items
                
                | Scroll of Speed | 2 |  | 
| Healing Salve | 3 |  | 
| Lesser Clarity Potion | 2 |  | 
| Scroll of Town Portal | 2 |  | 
| Potion of Healing | 2 |  | 
                11 total
  
                Chat log
          (00:10 / All) TALONSAREIMBA: Holla
(01:49 / All) TALONSAREIMBA: No booty calls.
(03:25 / All) timG4strok: you guys feeding heroes or what